AoeStats
← eloycorsob

Black Forest

505952953Analyzed
4v4 RM · 22d ago on Sep 11, 2026· 89m 19s· 8 players
Game mode
Random Map
Map size
Large (8 player)
Population
200
Speed
Normal
Resources
Standard
Victory
Conquest
Starting age
Dark Age
Ending age
Imperial Age
RankedLock teamsTeams togetherTeam positionsShared explorationLock speedFull tech treeHidden civsTurbo modeCheats
Victory
Defeat
🇦🇷 Aztecs · Argentina
718
+7
🇦🇷 Teutons · Argentina
582
+12
🇦🇷 Britons · Argentina
512
+15
🇦🇷 Persians · Argentina
414
+20
🇪🇸 Britons · Spain
555
-16
🇺🇸 Romans · United States
542
-15
🇲🇽 Bohemians · Mexico
478
-13
🇺🇸 Khmer · United States
406
-10
vwSUBLiMiNALwv
4:30 Loom
14:47 Feudal Age
16:27 Wheelbarrow
15:36 Horse Collar
15:46 Double-Bit Axe
17:32 Gold Mining
22:44 Stone Mining
22:46 Man-at-Arms
27:42 Castle Age
26:41 Forging
26:33 Scale Mail Armor
28:41 Hand Cart
29:13 Bow Saw
28:51 Long Swordsman
29:33 Squires
28:55 Pikeman
31:57 Gold Shaft Mining
36:19 Heavy Plow
40:04 Imperial Age
37:46 Guard Tower
38:08 Fortified Wall
38:51 Coinage
38:22 Caravan
39:02 Iron Casting
38:43 Chain Mail Armor
38:53 Ballistics
41:17 Banking
40:58 Guilds
41:53 Chemistry
41:01 Siege Engineers
44:28 Blast Furnace
44:12 Keep
44:36 Heavy Scorpion
46:32 Conscription
46:18 Ballistas
48:09 Legionary
49:17 Comitatenses
63:17 Capped Ram
Nefilin305EDMN
16:58 Feudal Age
17:49 Double-Bit Axe
17:49 Horse Collar
18:52 Wheelbarrow
25:21 Castle Age
23:26 Fishing Lines
24:01 Forging
23:51 Scale Mail Armor
23:42 Fletching
23:52 Padded Archer Armor
26:24 Caravan
26:55 Coinage
26:55 Gillnets
31:35 Imperial Age
29:07 Treadmill Crane
30:28 Chemistry
30:30 Pikeman
31:12 Squires
30:59 Arson
31:37 Hand Cart
32:51 Masonry
32:12 Halberdier
33:20 Fervor
33:37 Bow Saw
33:29 Heavy Plow
34:21 Iron Casting
34:02 Chain Mail Armor
34:49 Leather Archer Armor
35:11 Banking
36:06 Conscription
38:23 Blast Furnace
37:54 Plate Mail Armor
36:54 Elite Hussite Wagon
38:17 Ballistics
40:04 Two-Man Saw
40:30 Wagenburg Tactics
41:51 Siege Engineers
42:16 Architecture
43:10 Guilds
45:26 Houfnice
70:37 Redemption
70:28 Atonement
c90ramirez
13:53 Feudal Age
16:14 Gold Mining
16:18 Double-Bit Axe
18:37 Horse Collar
19:22 Stone Mining
25:24 Castle Age
28:47 Bow Saw
28:45 Husbandry
30:06 Gold Shaft Mining
29:34 Heavy Plow
35:40 Scale Barding Armor
41:12 Forging
43:31 Ballistics
53:34 Iron Casting
53:01 Scale Mail Armor
eloycorsob
0:58 Loom
15:19 Feudal Age
16:34 Horse Collar
16:55 Double-Bit Axe
19:01 Man-at-Arms
20:35 Wheelbarrow
22:53 Forging
24:18 Padded Archer Armor
27:00 Castle Age
26:02 Gold Mining
26:57 Stone Mining
27:40 Fletching
28:15 Leather Archer Armor
28:27 Bow Saw
29:06 Heavy Plow
30:15 Hand Cart
29:39 Crossbowman
29:44 Elite Skirmisher
31:54 Gold Shaft Mining
31:23 Caravan
33:58 Long Swordsman
36:42 Bodkin Arrow
37:56 Pikeman
40:15 Yeomen
39:47 Gambesons
40:03 Squires
39:48 Arson
45:53 Imperial Age
44:18 Coinage
44:26 Ballistics
44:26 Masonry
46:10 Arbalester
47:07 Elite Longbowman
47:55 Capped Ram
49:00 Warwolf
51:09 Halberdier
51:10 Two-Handed Swordsman
53:04 Champion
66:12 Heavy Scorpion
69:39 Chemistry
69:29 Banking
69:09 Guilds
70:09 Onager
75:52 Two-Man Saw
pedrantix
0:30 Loom
16:11 Feudal Age
16:57 Double-Bit Axe
17:16 Horse Collar
22:15 Man-at-Arms
26:59 Castle Age
28:31 Bow Saw
28:24 Heavy Plow
29:44 Wheelbarrow
32:31 Town Watch
33:32 Elite Skirmisher
35:11 Hand Cart
35:00 Fletching
35:10 Padded Archer Armor
36:18 Ballistics
35:55 Murder Holes
38:10 Bodkin Arrow
38:30 Leather Archer Armor
39:13 Squires
38:33 Pikeman
40:22 Forging
40:12 Scale Mail Armor
40:01 Arson
44:04 Imperial Age
42:13 Iron Casting
41:12 Eagle Warrior
43:13 Chain Mail Armor
42:51 Gold Mining
42:51 Stone Mining
44:51 Atlatl
45:13 Conscription
46:02 Crop Rotation
45:34 Bracer
47:06 Chemistry
46:11 Siege Engineers
46:18 Fortified Wall
48:46 Blast Furnace
48:17 Plate Mail Armor
53:29 Elite Eagle Warrior
54:23 Caravan
54:55 Coinage
56:24 Garland Wars
56:27 Onager
62:43 Siege Onager
80:02 Elite Jaguar Warrior
EL FETO
13:17 Feudal Age
14:47 Wheelbarrow
15:14 Gold Mining
15:09 Horse Collar
15:17 Double-Bit Axe
21:14 Stone Mining
28:24 Castle Age
29:37 Bow Saw
33:52 Hand Cart
34:47 Caravan
42:55 Imperial Age
40:59 Kamandaran
42:57 Crossbowman
43:43 Thumb Ring
45:08 Elite War Elephant
46:02 Scale Barding Armor
45:51 Fletching
46:02 Padded Archer Armor
52:29 Gold Shaft Mining
53:26 Two-Man Saw
61:42 Onager
faerik
1:03 Loom
13:44 Feudal Age
15:35 Double-Bit Axe
18:50 Wheelbarrow
21:13 Castle Age
21:42 Bloodlines
21:46 Forging
21:36 Scale Mail Armor
21:42 Scale Barding Armor
23:11 Stone Mining
25:29 Horse Collar
26:06 Padded Archer Armor
26:04 Fletching
26:51 Iron Casting
28:09 Caravan
28:45 Bow Saw
29:15 Fishing Lines
30:40 Chain Mail Armor
30:45 Chain Barding Armor
32:10 Hand Cart
34:24 Bodkin Arrow
34:50 Chain Barding Armor
35:32 Gold Mining
36:18 Stone Shaft Mining
39:32 Imperial Age
38:27 Padded Archer Armor
40:06 Heavy Plow
39:46 Elite Teutonic Knight
40:47 Conscription
40:52 Ironclad
40:39 Gillnets
41:24 Crop Rotation
40:50 Onager
44:09 Chemistry
44:28 Two-Man Saw
46:32 Cavalier
47:50 Plate Barding Armor
48:17 Blast Furnace
47:35 Siege Onager
48:32 Paladin
55:33 Heavy Scorpion
56:15 Gambesons
56:31 Squires
56:17 Arson
60:36 Ballistics
60:23 Siege Engineers
64:59 Crenellations
79:30 Leather Archer Armor
Mario Roberto Santucho
11:25 Feudal Age
11:53 Double-Bit Axe
12:17 Horse Collar
13:01 Gold Mining
13:03 Stone Mining
17:49 Wheelbarrow
21:24 Castle Age
22:47 Bow Saw
26:48 Heavy Plow
28:18 Caravan
28:46 Hand Cart
30:53 Ballistics
30:28 Fletching
30:39 Padded Archer Armor
31:54 Gold Shaft Mining
31:25 Bodkin Arrow
33:54 Leather Archer Armor
36:00 Murder Holes
42:53 Imperial Age
41:41 Yeomen
43:00 Elite Longbowman
44:01 Conscription
43:46 Bracer
44:16 Ring Archer Armor
47:15 Warwolf
48:39 Chemistry
71:23 Man-at-Arms
72:03 Squires
76:08 Long Swordsman
77:44 Two-Handed Swordsman
Connection lost

Rejoining the realm…

Still unreachable

The connection could not be restored.

Session expired

The server has moved on; the page needs a fresh start.